 Dungeon Crawl Stone Soup version 0.22.1-2-g9c5b331383 (webtiles) character file.

2718 Peloso the Carver (level 9, -3/75 HPs)
             Began as a Minotaur Fighter on Dec 12, 2018.
             Slain by an orc warrior
             ... wielding a +0 battleaxe
              (11 damage)
             ... on level 6 of the Dungeon.
             The game lasted 00:14:58 (5709 turns).

Peloso the Carver (Minotaur Fighter)                Turns: 5709, Time: 00:14:58

Health: -3/75      AC: 14    Str: 30    XL:     9   Next: 39%
Magic:  8/8        EV:  9    Int:  5    God:
Gold:   171        SH: 13    Dex: 11    Spells: 8/8 levels left

rFire    . . .     SeeInvis .   a - +0 long sword
rCold    . . .     Gourm    .   c - +1 shield
rNeg     + . .     Faith    .   C - +4 chain mail {MR+}
rPois    .         Spirit   .   (helmet restricted)
rElec    .         Reflect  .   (no cloak)
rCorr    .         Harm     .   (no gloves)
MR       +....                  (no boots)
Stlth    ..........             (no amulet)
HPRegen  0.22/turn              l - ring of positive energy
MPRegen  0.11/turn              s - +2 ring of strength

@: mighty
A: retaliatory headbutt, horns 2
a: no special abilities


You were on level 6 of the Dungeon.
You were not hungry.

You visited 2 branches of the dungeon, and saw 7 of its levels.
You also visited: Ossuary.

You collected 276 gold pieces.
You spent 105 gold pieces at shops.

Inventory:

Hand Weapons
 a - a +0 long sword (weapon)
 I - a +1 war axe of flaming
Armour
 b - a +0 scale mail
 c - a +1 shield (worn)
 C - a +4 chain mail of magic resistance (worn)
Jewellery
 l - a ring of positive energy (left hand)
 r - a +4 ring of intelligence
 s - a +2 ring of strength (right hand)
Wands
 o - a wand of polymorph (8)
 v - a wand of flame (20)
 E - a wand of random effects (33)
Scrolls
 e - a scroll of fog
 j - a scroll of teleportation
 k - a scroll of magic mapping
 t - a scroll of blinking
 x - a scroll of immolation {unknown}
 y - a scroll of identify
 A - 2 scrolls of remove curse
 G - a scroll of amnesia {unknown}
 H - a scroll of enchant armour
Potions
 g - 4 potions of heal wounds
 h - a potion of degeneration {unknown}
 i - 4 potions of haste
 m - a potion of flight {unknown}
 n - 2 potions of curing
 p - a potion of cancellation
 w - a potion of invisibility
 z - a potion of lignification {unknown}
 B - a potion of berserk rage {unknown}
 F - a potion of brilliance {unknown}
Comestibles
 f - 6 rations
 q - 3 chunks of flesh


   Skills:
 + Level 6.2 Fighting
 + Level 9.6 Long Blades
 + Level 8.0 Armour
 + Level 3.0 Dodging
 + Level 0.3 Stealth
 + Level 8.6 Shields
 + Level 0.1 Unarmed Combat


You had 8 spell levels left.
You didn't know any spells.
Your spell library contained the following spells:

 Spells                   Type           Power        Failure   Level  Hunger
 Animate Skeleton         Necr           N/A          99%         1    ##.....
 Apportation              Tloc           #.....       99%         1    ##.....
 Confusing Touch          Hex            #.....       99%         1    ##.....
 Pain                     Necr           #...         99%         1    ##.....
 Summon Small Mammal      Summ           #...         99%         1    ##.....
 Regeneration             Chrm/Necr      #.........   100%        3    ####...
 Vampiric Draining        Necr           #.........   100%        3    ####...
 Animate Dead             Necr           N/A          100%        4    #####..


Dungeon Overview and Level Annotations

Branches:
Dungeon (6/15)             Temple (1/1) D:4

Altars:
Ashenzari
Cheibriados
Dithmenos
Elyvilon
Fedhas
Gozag
Hepliaklqana
Kikubaaqudgha
Makhleb
Qazlal
Ru
Sif Muna
Trog
Uskayaw
Vehumet
Wu Jian
Xom
Yredelemnul
Zin
The Shining One

Shops:
D:5 *


Innate Abilities, Weirdness & Mutations

You reflexively headbutt those who attack you in melee.
You have a pair of horns on your head.


Message History

You feel very mighty all of a sudden. The gnoll closely misses you.
You block the orc warrior's attack.
You closely miss the orc warrior.
The orc warrior is moderately wounded.
The gnoll hits you but does no damage.
Unknown command.
You hit the hobgoblin.
You kill the hobgoblin!
The gnoll closely misses you.
The orc warrior hits you with a battleaxe!!
* * * LOW HITPOINT WARNING * * *
Unknown command.
You slice the orc priest!!
You kill the orc priest!
The gnoll hits you from afar with a halberd.
* * * LOW HITPOINT WARNING * * *
You slash the orc warrior! You headbutt the orc warrior.
The orc warrior is almost dead.
The orc warrior hits you with a battleaxe!
You die...

.............P.P......P.P
...P.P.))..P♣P♣P..P.P.P♣P
...P♣P.)...PP♣PP..P♣P♣.♣♣
.P♣PPP♣.)..♣♣♣♣P..♣♣♣###
.PPPPP#)''## #####
♣P♣♣♣P#.).# .o.g. g P #
###.>.# ..go.. .. #.
#...# #.. #o@.#
PP#...#)########''#
[.#...'g)Kg(..o....
..#...'..g.o.......
###################


You could see an orc warrior and a gnoll.

Vanquished Creatures
  Prince Ribbit (D:6)
  Duvessa (D:5)
  A sky beast (D:6)
  2 ice beasts
  2 phantoms (D:6)
  A necrophage (D:6)
  4 ogres
  A centaur (D:6)
  Blork the orc (D:5)
  A bullfrog (D:6)
  A scorpion (D:4)
  Dowan (D:5)
  2 howler monkeys (D:5)
  A crimson imp (D:5)
  6 centaur zombies (Ossuary)
  A centaur skeleton (D:4)
  3 orc priests
  2 gnoll shamans (D:6)
  4 hounds
  An iguana (D:2)
  3 orc wizards
  6 worker ants
  Terence (D:2)
  A big kobold zombie (Ossuary)
  4 mummies (Ossuary)
  7 gnolls
  3 adders (D:3)
  A white imp (D:5)
  3 oozes
  2 worms
  3 dart slugs
  5 leopard geckos
  10 orcs
  2 ball pythons
  2 giant cockroaches
  12 goblins
  10 hobgoblins
  5 jackals
  2 quokkas
  11 bats
  2 frilled lizards
  3 hobgoblin zombies (Ossuary)
  A jackal zombie (D:5)
  13 kobolds
  An orc zombie (D:4)
  8 rats
158 creatures vanquished.

Vanquished Creatures (others)
  A sky beast (D:6)
1 creature vanquished.

Grand Total: 159 creatures vanquished

Notes
Turn   | Place    | Note
-------+----------+-------------------------------------------
     0 | D:1      | Peloso the Minotaur Fighter began the quest for the Orb.
     0 | D:1      | Reached XP level 1. HP: 19/19 MP: 0/0
    35 | D:1      | Reached XP level 2. HP: 23/27 MP: 1/1
   152 | D:1      | Reached XP level 3. HP: 25/33 MP: 2/2
   474 | D:1      | Reached skill level 3 in Long Blades
   730 | D:2      | Reached XP level 4. HP: 4/40 MP: 3/3
  1416 | D:2      | Noticed Terence
  1427 | D:2      | Killed Terence
  1769 | D:3      | Found a faded altar of an unknown god.
  1880 | D:3      | Reached skill level 1 in Dodging
  1880 | D:3      | Reached XP level 5. HP: 47/47 MP: 4/4
  2001 | D:3      | Noticed an ice beast
  2010 | D:3      | Killed an ice beast
  2010 | D:3      | Reached skill level 4 in Long Blades
  2010 | D:3      | Reached skill level 5 in Armour
  2055 | D:3      | Reached skill level 5 in Shields
  2055 | D:3      | Reached XP level 6. HP: 39/53 MP: 5/5
  2381 | D:4      | Found a sand-covered staircase.
  2390 | Ossuary  | Entered an ossuary
  2615 | Ossuary  | Reached skill level 5 in Long Blades
  2687 | Ossuary  | Reached skill level 5 in Fighting
  2687 | Ossuary  | Reached XP level 7. HP: 61/61 MP: 6/6
  2917 | D:4      | Found a blossoming altar of Fedhas.
  2927 | D:4      | Found an ornate altar of the Wu Jian Council.
  2936 | D:4      | Found a snail-covered altar of Cheibriados.
  2944 | D:4      | Found a hide-covered altar of Uskayaw.
  2951 | D:4      | Found a deep blue altar of Sif Muna.
  2962 | D:4      | Found a shimmering altar of Xom.
  2973 | D:4      | Found a glowing golden altar of the Shining One.
  3035 | D:4      | Reached skill level 6 in Long Blades
  3342 | D:4      | Found a staircase to the Ecumenical Temple.
  3354 | Temple   | Entered the Ecumenical Temple
  3717 | D:5      | Entered Level 5 of the Dungeon
  3719 | D:5      | Noticed Blork the orc
  3732 | D:5      | Killed Blork the orc
  3758 | D:5      | Reached skill level 7 in Long Blades
  3972 | D:5      | Reached XP level 8. HP: 55/69 MP: 7/7
  4106 | D:5      | Found Mihi's Assorted Antiques.
  4141 | D:5      | Bought a fizzy brown potion for 24 gold pieces
  4141 | D:5      | Bought a scroll labeled ZEISI XOELYN for 27 gold pieces
  4146 | D:5      | Bought a scroll labeled TOSYUGOUQE for 27 gold pieces
  4146 | D:5      | Bought a scroll labeled SIRPHE DOBU for 27 gold pieces
  4201 | D:5      | Reached skill level 8 in Long Blades
  4274 | D:5      | Noticed Dowan
  4283 | D:5      | Killed Dowan
  4295 | D:5      | Noticed Duvessa
  4311 | D:5      | Killed Duvessa
  4670 | D:5      | Found a shadowy altar of Dithmenos.
  4788 | D:5      | Found an ancient bone altar of Kikubaaqudgha.
  4820 | D:5      | Found an opulent altar of Gozag.
  4822 | D:5      | Found a stormy altar of Qazlal.
  4992 | D:6      | Reached skill level 9 in Long Blades
  5071 | D:6      | Reached XP level 9. HP: 75/75 MP: 8/8
  5302 | D:6      | Noticed Prince Ribbit
  5586 | D:6      | Killed Prince Ribbit
  5709 | D:6      | Slain by an orc warrior

Skill      XL: |  1  2  3  4  5  6  7  8  9 |
---------------+----------------------------+-----
Shields        | 4 5 6 7 8 |  8.6
Armour         | 4 5 6 7 8 |  8.0
Fighting       | 4 5 6 |  6.2
Long Blades    | 3 4 5 7 9 |  9.6
Dodging        | 1 2 3 |  3.0
Stealth        | |  0.3
Unarmed Combat | |  0.1

Action                   |  1- 3 |  4- 6 |  7- 9 || total
-------------------------+-------+-------+-------++-------
Melee: Long sword        |    81 |   140 |   334 ||   555
       Headbutt          |    13 |    27 |    74 ||   114
       Unarmed           |       |     5 |       ||     5
  Use: Scroll            |       |       |    14 ||    14
       Potion            |       |       |     2 ||     2
  Eat: Chunk             |       |     4 |     9 ||    13
       Ration            |       |       |     1 ||     1
Armor: Scale mail        |    43 |       |       ||    43
       Chain mail        |     3 |    62 |   121 ||   186
       Skin              |       |     1 |       ||     1
Dodge: Dodged            |    27 |    36 |    69 ||   132
Block: Shield            |    49 |    69 |   182 ||   300
       Rpst.: Long sword |     9 |     8 |    19 ||    36
